 Dungeon Crawl Stone Soup version 0.22-a0-587-g7d32d7c (webtiles) character file.

1432 royokou the Conjurer (level 8, -2/57 HPs)
             Began as a Purple Draconian Conjurer on July 3, 2018.
             Was an Initiate of Yredelemnul.
             Slain by a slime creature (16 damage)
             ... on level 9 of the Dungeon.
             The game lasted 00:28:32 (6952 turns).

royokou the Conjurer (Purple Draconian Conjurer)    Turns: 6952, Time: 00:28:33

Health: -2/57      AC:  9    Str: 10    XL:     8   Next: 45%
Magic:  17/17      EV: 17    Int: 18    God:    Yredelemnul [......]
Gold:   408        SH:  0    Dex: 17    Spells: 1/19 levels left

rFire    . . .     SeeInvis .   v - +1 mace (crush)
rCold    . . .     Gourm    .   (no shield)
rNeg     . . .     Faith    .   (armour unavailable)
rPois    .         Spirit   .   (helmet restricted)
rElec    .         Reflect  .   (no cloak)
rCorr    .         Harm     .   e - +1 pair of gloves
MR       +....                  u - +0 pair of boots
Stlth    ++++......             (no amulet)
HPRegen  0.19/turn              n - ring of stealth
MPRegen  0.15/turn              (no ring)

@: agile
A: breathe power, unfitting armour, cold-blooded, AC +6
a: Breathe Dispelling Energy, Renounce Religion


You were on level 9 of the Dungeon.
You worshipped Yredelemnul.
Yredelemnul was noncommittal.
You were not hungry.

You visited 2 branches of the dungeon, and saw 8 of its levels.

You collected 408 gold pieces.

Inventory:

Hand Weapons
 c - a +0 hand axe
 h - a +0 dagger
 l - a +0 short sword
 v - a +1 mace of crushing (weapon)
Armour
 e - a +1 pair of gloves (worn)
 u - a +0 pair of boots (worn)
Jewellery
 n - a ring of stealth (left hand)
 x - an uncursed ring of fire
 y - an uncursed ring of ice
Wands
 z - a wand of flame (35)
Scrolls
 d - a scroll of enchant weapon
 f - 3 scrolls of enchant armour
 j - 6 scrolls of remove curse
 k - a scroll of fog {unknown}
 o - a scroll of fear {unknown}
 p - 3 scrolls of amnesia {unknown}
 r - a scroll of teleportation {unknown}
Potions
 a - 4 potions of curing
 i - 2 potions of might
 m - 2 potions of agility
 s - 3 potions of heal wounds
 t - a potion of degeneration {unknown}
 w - a potion of flight {unknown}
 A - a potion of lignification {unknown}
 B - a potion of invisibility
 C - a potion of haste {unknown}
Comestibles
 b - 6 rations


   Skills:
 - Level 1.7 Dodging
 - Level 1.7 Stealth
 - Level 6.2 Spellcasting
 + Level 7.9 Conjurations
 + Level 4.4 Hexes
 + Level 4.0 Translocations


You had one spell level left.
You knew the following spells:

 Your Spells              Type           Power        Failure   Level  Hunger
a - Magic Dart            Conj           ####         1%          1    None
b - Searing Ray           Conj           ####..       1%          2    None
c - Dazzling Spray        Conj/Hex       ####..       2%          3    ##.....
d - Iskenderun's Mystic   Conj           ####....     4%          4    ####...
e - Fulminant Prism       Conj/Hex       ####......   10%         4    ####...
f - Force Lance           Conj/Tloc      ####....     10%         4    ####...

Your spell library contained the following spells:

 Spells                   Type           Power        Failure   Level  Hunger


Dungeon Overview and Level Annotations

Branches:
Dungeon (6/15)             Temple (1/1) D:5            Lair (0/6) D:9
    Orc (0/2) D:9

Altars:
Cheibriados
Elyvilon
Fedhas
Gozag
Hepliaklqana
Kikubaaqudgha
Makhleb
Okawaru
Ru
Sif Muna
Trog
Uskayaw
Vehumet
Wu Jian
Yredelemnul
The Shining One
Lugonu


Innate Abilities, Weirdness & Mutations

You can breathe bolts of dispelling energy.
Your rich purple scales are hard. (AC +6)
You cannot fit into any form of body armour.
You are cold-blooded and may be slowed by cold attacks.


Message History

The slime creature barely misses you.
The orc shouts!
You feel agile all of a sudden.
The orc wizard shouts!
The slime creature hits you. The slime creature misses you.
The slime creature quivers.
The slime creature completely misses you.
The centaur shoots an arrow.
The arrow hits you! The slime creature hits you.
You see here an arrow.
The slime creature hits you. The orc hits you but does no damage.
Two slime creatures merge to form a large slime creature.
A leopard gecko comes into view.
The slime creature hits you!!
* * * LOW HITPOINT WARNING * * *
You open the door.
The orc wizard casts a spell.
The orc wizard blinks!
The orc completely misses you.
A large slime creature splits.
The slime creature hits you!
You die...
Your body rises from the dead as a mindless zombie.

,,**,,**,,,,,,,,,*,**,*
,,**,,*#.........#,,,,*
,,**,,*#....?...l#,,,,*
,,**,,*#.........#,**,#
,,**,,*#....ยง....#,,,.#
****,,*#.........#,,..#
,,,*,,*#.......o.#,...#
,,,*,,*#......ooo#....#
,,,*,,*#.....JJJ@'....#
,,,*,,*#.o...JJc.#....#
,*,*,,*#.........#,...#
,,,*,,*#.........#,,..#
,,,*,,*#.........#,**.#
****,,*#.........#,**,#
*,,*#.........#,,,,* *
*,,*#.........#,,,,* *
*,,**,,,,,,,,,*,,*,*


You could see 5 slime creatures, an orc warrior, a centaur, an orc wizard, 3
orcs and a leopard gecko (wandering).

Vanquished Creatures
  Edmund (D:5)
  Menkaure (D:5)
  2 phantoms
  An ogre (D:4)
  2 centaurs (D:5)
  A scorpion (D:4)
  A crimson imp (D:2)
  A centaur zombie (D:5)
  A jelly (D:5)
  4 orc priests
  2 centaur skeletons (D:5)
  A hound (D:5)
  A bullfrog skeleton (D:4)
  2 iguanas (D:5)
  7 orc wizards
  A worker ant (D:5)
  A howler monkey zombie (D:5)
  4 adders
  A howler monkey skeleton (D:5)
  2 oozes (D:2)
  A worm (D:3)
  A leopard gecko (D:1)
  13 orcs
  2 giant cockroaches
  7 goblins
  4 hobgoblins
  9 jackals
  3 quokkas
  7 bats
  6 frilled lizards
  A kobold (D:1)
  6 rats
97 creatures vanquished.

Notes
Turn   | Place    | Note
-------+----------+-------------------------------------------
     0 | D:1      | royokou the Draconian Conjurer began the quest for the Orb.
     0 | D:1      | Reached XP level 1. HP: 14/14 MP: 3/3
   720 | D:1      | Reached XP level 2. HP: 20/20 MP: 1/5
  1547 | D:2      | Reached XP level 3. HP: 26/26 MP: 1/7
  1791 | D:2      | Learned a level 2 spell: Searing Ray
  1795 | D:2      | Learned a level 3 spell: Dazzling Spray
  2066 | D:2      | Reached skill level 5 in Conjurations
  2066 | D:2      | Reached XP level 4. HP: 27/33 MP: 0/8
  2842 | D:3      | Found a sacrificial altar of Ru.
  2844 | D:3      | Noticed a phantom
  2862 | D:3      | Found an ornate altar of the Wu Jian Council.
  2896 | D:3      | Killed a phantom
  2896 | D:3      | Reached XP level 5. HP: 22/38 MP: 0/11
  3667 | D:4      | Learned a level 4 spell: Iskenderun's Mystic Blast
  3691 | D:4      | Reached XP level 6. HP: 39/45 MP: 2/12
  3914 | D:4      | Found a blossoming altar of Fedhas.
  3928 | D:4      | Reached skill level 6 in Conjurations
  4322 | D:4      | Learned a level 4 spell: Fulminant Prism
  4687 | D:4      | Reached skill level 5 in Spellcasting
  4687 | D:4      | Your scales start taking on a rich purple colour.
  4687 | D:4      | Reached XP level 7. HP: 38/50 MP: 7/16
  4693 | D:4      | Learned a level 4 spell: Force Lance
  4842 | D:5      | Entered Level 5 of the Dungeon
  4971 | D:5      | Reached skill level 1 in Hexes
  4972 | D:5      | Reached skill level 1 in Translocations
  5363 | D:5      | Reached skill level 7 in Conjurations
  5670 | D:5      | Noticed Menkaure
  5678 | D:5      | Killed Menkaure
  5678 | D:5      | Reached XP level 8. HP: 14/57 MP: 8/17
  6037 | D:5      | Found a staircase to the Ecumenical Temple.
  6063 | Temple   | Entered the Ecumenical Temple
  6179 | Temple   | Became a worshipper of Yredelemnul the Dark
  6204 | D:5      | Found an opulent altar of Gozag.
  6256 | D:5      | Noticed Edmund
  6303 | D:5      | Killed Edmund
  6471 | D:5      | Found a deep blue altar of Sif Muna.
  6519 | D:5      | Found a glowing golden altar of the Shining One.
  6519 | D:5      | Found a hide-covered altar of Uskayaw.
  6520 | D:5      | Found a bloodstained altar of Trog.
  6946 | D:6      | You fall through a shaft for 3 floors!
  6946 | D:9      | Noticed a slime creature
  6946 | D:9      | Noticed a slime creature
  6946 | D:9      | Noticed a slime creature
  6946 | D:9      | Noticed a slime creature
  6946 | D:9      | Noticed a slime creature
  6952 | D:9      | Slain by a slime creature

Vault maps used:
D:1:      matt_arrival_spirals
D:3:      grunt_temple_overflow_open
D:4:      fedhas_altar_3
D:5:      chequers_temple_overflow_statue_of_worship, grunt_gozag_statues,
          temple_fountains, first_ration, uniq_menkaure, uniq_edmund
D:6:      kb_forest_paths, minmay_curled_crystal, kennysheep_nub,
          uniq_blork_the_orc
D:9:      lair_entry_dummy, orc_0_dummy
Temple:   kb_corrupted_temple

Skill      XL: |  1  2  3  4  5  6  7  8 |
---------------+-------------------------+-----
Spellcasting   | 3 4 6 |  6.2
Conjurations   | 5 6 7 |  7.9
Hexes          | 3 4 |  4.4
Translocations | 2 4 |  4.0
Dodging        | |  1.7
Stealth        | |  1.7

Action                   |  1- 3 |  4- 6 |  7- 9 || total
-------------------------+-------+-------+-------++-------
Melee: Hand axe          |     4 |       |       ||     4
       Dagger            |    90 |    45 |       ||   135
       Tailslap          |     4 |     6 |       ||    10
       Mace              |       |     9 |    17 ||    26
 Cast: Magic Dart        |    62 |    61 |    29 ||   152
       Searing Ray       |     3 |    17 |    31 ||    51
       Dazzling Spray    |       |     2 |     3 ||     5
       Iskenderun's Myst |       |       |     2 ||     2
 Abil: Breathe Dispellin |       |       |     1 ||     1
  Use: Scroll            |       |       |     9 ||     9
       Potion            |       |       |     1 ||     1
 Stab: Invisible         |       |     1 |       ||     1
       Sleeping          |       |     1 |       ||     1
  Eat: Chunk             |     4 |     9 |     4 ||    17
       Ration            |       |       |     1 ||     1
Armor: Skin              |    47 |    33 |    25 ||   105
Dodge: Dodged            |    60 |    36 |    51 ||   147

Table legend:
 A = Spawn XP
 B = Non-spawn XP
 C = Spawn XP percentage of total XP
 D = Spawn monster count
 E = Non-spawn monster count
 F = Spawn count percentage of total count
 G = Total turns spent on level
                    A         B        C        D         E        F      G
               +---------+---------+-------+---------+---------+-------+---------
         Total |       0 |    2047 |   0.0 |       0 |      97 |   0.0 |  6952
               +---------+---------+-------+---------+---------+-------+---------
           D:1 |       0 |      27 |   0.0 |       0 |      18 |   0.0 |  1442
           D:2 |       0 |      95 |   0.0 |       0 |      15 |   0.0 |   881
           D:3 |       0 |     219 |   0.0 |       0 |      16 |   0.0 |  1336
           D:4 |       0 |     511 |   0.0 |       0 |      23 |   0.0 |  1634
           D:5 |       0 |    1066 |   0.0 |       0 |      24 |   0.0 |  1374
           D:6 |       0 |     129 |   0.0 |       0 |       1 |   0.0 |   144
               +---------+---------+-------+---------+---------+-------+---------
